 Dungeon Crawl Stone Soup version 0.26.1-2-gb8aa6d0cf2 (webtiles) character file.

Game seed: 5673570313210632243

3293 Groucho the Unseen (level 9, -1/39 HPs)
             Began as a Spriggan Enchanter on Feb 21, 2021.
             Was a Follower of Kikubaaqudgha.
             Splashed by an acid dragon's acid (13 damage)
             ... on level 7 of the Dungeon.
             The game lasted 00:29:16 (21762 turns).

Groucho the Unseen (Spriggan Enchanter)            Turns: 21762, Time: 00:29:17

Health: -1/39      AC:  2    Str:  7    XL:     9   Next: 69%
Magic:  14/21      EV: 21    Int: 19    God:    Kikubaaqudgha [*.....]
Gold:   329        SH:  0    Dex: 20    Spells: 16/23 levels left

rFire    . . .     SeeInvis +   A - +2 short sword (venom)
rCold    . . .     Faith    .   (shield restricted)
rNeg     . . .     Spirit   .   D - +0 robe of the Cuttlefish {Int+3 Dex+3} (curse)
rPois    .         Reflect  .   (helmet restricted)
rElec    .         Harm     .   (no cloak)
rCorr    .         Rampage  .   (gloves unavailable)
Will     +....                  (boots unavailable)
Stlth    ++++++....             x - amulet of regeneration
HPRegen  0.53/turn              (no ring)
MPRegen  0.17/turn              (no ring)

@: very quick
A: very small, unfitting armour, see invisible, speed 3
a: Renounce Religion, Receive Corpses


You were on level 7 of the Dungeon.
You worshipped Kikubaaqudgha.
Kikubaaqudgha was aware of your devotion.
You visited 2 branches of the dungeon, and saw 8 of its levels.

You collected 329 gold pieces.

Inventory:

Hand Weapons
 a - a +1 dagger
 c - a +2 dagger of electrocution
 l - a +2 short sword of holy wrath
 v - a +2 short sword of speed
 A - a +2 short sword of venom (weapon)
Missiles
 e - 200 stones
 G - 17 poisoned darts (quivered)
Armour
 z - a +1 robe of willpower
 D - the cursed +0 robe of the Cuttlefish (worn) {Int+3 Dex+3}
   (You found it on level 5 of the Dungeon)

   It affects your intelligence (+3).
   It affects your dexterity (+3).
   It has a curse placed upon it.
Jewellery
 x - an amulet of regeneration (around neck)
 C - a cursed amulet of inaccuracy {unknown}
Wands
 u - a wand of random effects (28)
 w - a wand of disintegration (4)
 y - a wand of paralysis (11)
Scrolls
 d - a scroll of random uselessness
 j - 8 scrolls of identify
 m - a scroll of immolation
 n - 2 scrolls of enchant weapon {unknown}
 o - 3 scrolls of remove curse
 r - 3 scrolls of amnesia
 s - a scroll of fear {unknown}
 t - 2 scrolls of magic mapping
 F - a scroll of fog {unknown}
 H - a scroll of teleportation
Potions
 b - a potion of berserk rage {unknown}
 f - a potion of lignification
 g - 4 potions of curing
 h - 2 potions of mutation
 i - a potion of invisibility
 k - 3 potions of heal wounds
 p - 3 potions of attraction
 q - a potion of brilliance
 B - a potion of haste {unknown}
 E - a potion of resistance {unknown}


   Skills:
 - Level 1.1 Short Blades
 + Level 5.0 Dodging
 - Level 15.0 Stealth
 + Level 7.7 Spellcasting
 + Level 8.1 Hexes
 + Level 2.6 Necromancy


You had 16 spell levels left.
You knew the following spells:

 Your Spells              Type           Power        Failure   Level
a - Corona                Hex            42%          1%          1
b - Ensorcelled Hibernat  Hex/Ice        44%          2%          2
c - Confusing Touch       Hex            38%          1%          3
d - Beastly Appendage     Tmut           14%          10%         1

Your spell library contained the following spells:

 Spells                   Type           Power        Failure   Level
 Tukima's Dance           Hex            38%          1%          3
 Animate Skeleton         Necr           34%          3%          1
 Pain                     Necr           68%          3%          1
 Sublimation of Blood     Necr           8%           4%          2
 Dazzling Flash           Conj/Hex       44%          5%          3
 Apportation              Tloc           14%          10%         1
 Summon Small Mammal      Summ           28%          10%         1
 Vampiric Draining        Necr           8%           10%         3
 Wereblood                Tmut           7%           14%         2
 Spider Form              Tmut/Pois      3%           28%         3
 Ice Form                 Ice/Tmut       7%           67%         4
 Blade Hands              Tmut           3%           95%         5


Dungeon Overview and Level Annotations

Branches:
Dungeon (7/15)             Temple (1/1) D:4

Altars:
Ashenzari
Cheibriados
Elyvilon
Fedhas
Gozag
Hepliaklqana
Kikubaaqudgha
Makhleb
Nemelex Xobeh
Okawaru
Ru
Sif Muna
Trog
Uskayaw
Vehumet
Wu Jian
Xom
Yredelemnul
Zin
The Shining One


Innate Abilities, Weirdness & Mutations

You are very small and have problems with some larger weapons.
You are too small for most types of armour.
You have supernaturally acute eyesight. (SInv)
You cover ground extremely quickly.


Message History

Unknown command.
Casting: Ensorcelled Hibernation (safe; 2% risk of failure)
Confirm with . or Enter, or press ? or * to list all spells.
Aiming: Ensorcelled Hibernation (safe; 2% risk of failure)
Press: ? - help, Shift-Dir - straight line, f/p - two-headed ogre
Aim: a two-headed ogre, wielding a -2 giant spiked club and a +0 giant club (lightly wounded, very poisoned, chance to affect: 34%)
The two-headed ogre easily resists.
The acid dragon roars!
The two-headed ogre misses you.
The two-headed ogre hits you with a +0 giant club!!
Casting: Ensorcelled Hibernation (safe; 2% risk of failure)
Confirm with . or Enter, or press ? or * to list all spells.
Aiming: Ensorcelled Hibernation (safe; 2% risk of failure)
Press: ? - help, Shift-Dir - straight line, f/p - two-headed ogre
Aim: a two-headed ogre, wielding a -2 giant spiked club and a +0 giant club (lightly wounded, very poisoned, chance to affect: 34%)
The two-headed ogre looks drowsy...
The acid dragon spits acid at you. The splash of acid hits you!
You are splashed with acid!
You die...
Kikubaaqudgha rasps: "You have failed me!
Welcome... death!"

*,*,,,***,,,*,,#(#.# *,*
*,,*,.,,*.,*,,,#...# *,*
*,*,,.#*#.,,#,,###.# *,*
*,*,*#.,.#*,#.,* #.# *,*
*,*,**.,.**,#..###.#######,*
,,*,,,.#.,,,#....(........,*
******#.#***#####O#####.##**
** ##,#†#,###.........#,*
,**#.##)##.##...@#....#,*
,,*,#..#..#,#..#...#..#.#*
..###..##.###.........#..*
..............#..⌠..#....#
..###.##).###.........#..#
,,*,#..#|.#,#).#.D.#..#..#
,***.##)##.##....#....#,.#
** ##,#.#,###.........#,,#
******#.#########.#####..#


You could see a two-headed ogre (asleep, very poisoned) and an acid dragon
(catching breath).

Vanquished Creatures
  Pikel (D:7)
  Grinder (D:6)
  The ghost of tysohal the Ruffian, an amateur TrWr (D:3)
  3 orc warriors
  Duvessa (D:6)
  A sky beast (D:7)
  4 ogres
  A centaur (D:7)
  A phantom (D:6)
  A lemure (D:7)
  A big kobold (D:7)
  A gnoll sergeant (D:7)
  A bullfrog (D:7)
  Dowan (D:6)
  4 wights (D:6)
  2 howler monkeys
  2 centaur zombies (D:5)
  6 hounds
  4 orc wizards
  2 jellies (D:7)
  2 orc priests
  A bullfrog skeleton (D:7)
  A gnoll shaman (D:6)
  Jessica (D:2)
  A centaur skeleton (D:4)
  Ijyb (D:4)
  6 worker ants
  2 iguanas
  A hound skeleton (D:7)
  7 gnolls
  5 adders
  2 shadow imps (D:7)
  An ufetubus (D:7)
  A worm (D:3)
  4 dart slugs (D:1)
  8 leopard geckos
  18 orcs
  8 bats
  8 giant cockroaches
  9 goblins
  5 hobgoblins
  6 jackals
  5 quokkas
  3 frilled lizards
  2 jackal zombies (D:5)
  9 kobolds
  A leopard gecko zombie (D:7)
  6 rats
163 creatures vanquished.

Notes
Turn   | Place    | Note
-------+----------+-------------------------------------------
     0 | D:1      | Groucho the Spriggan Enchanter began the quest for the Orb.
     0 | D:1      | Reached XP level 1. HP: 9/9 MP: 5/5
   746 | D:2      | Reached skill level 5 in Stealth
   766 | D:2      | Found a white marble altar of Elyvilon.
   768 | D:2      | Found a glowing golden altar of the Shining One.
   768 | D:2      | Found a snail-covered altar of Cheibriados.
  1307 | D:2      | Reached XP level 2. HP: 4/13 MP: 6/6
  1712 | D:2      | Learned a level 2 spell: Ensorcelled Hibernation
  1928 | D:2      | Noticed Jessica
  2080 | D:2      | Killed Jessica
  2081 | D:2      | Reached skill level 6 in Stealth
  2081 | D:2      | Reached XP level 3. HP: 13/16 MP: 5/8
  2368 | D:2      | Reached skill level 7 in Stealth
  3269 | D:2      | Reached XP level 4. HP: 5/21 MP: 0/9
  4478 | D:1      | Reached skill level 8 in Stealth
  6090 | D:2      | Learned a level 3 spell: Confusing Touch
  6274 | D:2      | Reached XP level 5. HP: 24/24 MP: 10/10
  6649 | D:2      | Reached skill level 9 in Stealth
  7466 | D:3      | Found a runed translucent door.
  7467 | D:3      | Noticed tysohal's ghost (amateur TrWr)
  7494 | D:3      | Killed tysohal's ghost
  7495 | D:3      | Reached skill level 10 in Stealth
  7495 | D:3      | Reached XP level 6. HP: 28/28 MP: 8/11
  8880 | D:4      | Reached skill level 11 in Stealth
  9086 | D:4      | Noticed Ijyb
  9093 | D:4      | Killed Ijyb
  9180 | D:4      | Reached XP level 7. HP: 32/32 MP: 13/13
 10097 | D:4      | Reached skill level 12 in Stealth
 11420 | D:4      | Found a staircase to the Ecumenical Temple.
 11437 | Temple   | Entered the Ecumenical Temple
 11618 | Temple   | Became a worshipper of Kikubaaqudgha
 11740 | D:4      | Reached skill level 5 in Hexes
 12527 | D:5      | Entered Level 5 of the Dungeon
 12543 | D:4      | Reached XP level 8. HP: 16/36 MP: 11/16
 13578 | D:5      | Reached skill level 5 in Spellcasting
 13596 | D:5      | Reached skill level 13 in Stealth
 17167 | D:5      | Found a snail-covered altar of Cheibriados.
 17221 | D:5      | Got an ominously black robe
 17232 | D:5      | Identified the cursed +0 robe of the Cuttlefish {Int+3
                  | Dex+3} (You found it on level 5 of the Dungeon)
 18798 | D:6      | Noticed Duvessa
 18798 | D:6      | Noticed Dowan
 19210 | D:6      | Killed Duvessa
 19211 | D:6      | Reached skill level 14 in Stealth
 19220 | D:6      | Killed Dowan
 19700 | D:6      | Noticed Grinder
 19706 | D:6      | Killed Grinder
 19707 | D:6      | Reached XP level 9. HP: 39/39 MP: 19/19
 20491 | D:7      | Found an ornate altar of the Wu Jian Council.
 21357 | D:7      | Reached skill level 15 in Stealth
 21357 | D:7      | Reached skill level 1 in Necromancy
 21454 | D:7      | Reached * piety under Kikubaaqudgha
 21454 | D:7      | Identified Kikubaaqudgha's Papyrus of Dark Rituals
                  | (Kikubaaqudgha gifted it to you on level 7 of the Dungeon)
 21454 | D:7      | Received a gift from Kikubaaqudgha
 21458 | D:7      | Learned a level 1 spell: Beastly Appendage
 21662 | D:7      | Noticed Pikel
 21675 | D:7      | Killed Pikel
 21676 | D:7      | Reached skill level 5 in Dodging
 21743 | D:7      | Noticed a two-headed ogre
 21762 | D:7      | Splashed by an acid dragon's acid

Illustrated notes

Levels and vault maps discovered:
D:1:      shiori_arrival_elements, layout_basic
D:2:      layout_rooms, chequers_temple_overflow_statue_of_worship, uniq_jessica
D:3:      layout_basic, ebering_ghost_reflecting_pool
D:4:      layout_basic, minmay_temple_entry_offerings, minmay_misc_feat_encased,
          uniq_ijyb
D:5:      layout_rooms, cheibriados_altar_1
D:6:      layout_loops_ring, uniq_duvessa, uniq_grinder
D:7:      minmay_the_grid_plus [minmay_the_grid_square_x,
          minmay_the_grid_outer_circle, minmay_the_grid_pillar_ring,
          minmay_the_grid_mess, minmay_the_grid_prize_trominoes],
          layout_loops_ring, old_standard_altar, kennysheep_generic_room_15,
          uniq_pikel
Temple:   nicolae_temple_elliptical

Skill      XL: |  1  2  3  4  5  6  7  8  9 |
---------------+----------------------------+-----
Stealth        | 5 6 7 8 10 11 12 14 15 | 15.0
Spellcasting   | 3 4 6 7 |  7.7
Hexes          | 4 5 6 8 |  8.1
Necromancy     | 2 |  2.6
Dodging        | 5 |  5.0
Short Blades   | |  1.1

Action                   |  1- 3 |  4- 6 |  7- 9 || total
-------------------------+-------+-------+-------++-------
Melee: Dagger            |    82 |   119 |    54 ||   255
       Short sword       |       |       |   218 ||   218
Throw: Stone             |    10 |     5 |     4 ||    19
       Dart              |       |       |    19 ||    19
 Cast: Ensorcelled Hiber |    17 |    39 |    82 ||   138
       Confusing Touch   |       |     3 |    31 ||    34
       Beastly Appendage |       |       |     1 ||     1
Evoke: Wand              |       |       |     2 ||     2
  Use: Scroll            |     2 |     3 |     3 ||     8
       Potion            |       |     3 |     3 ||     6
 Stab: Sleeping          |    12 |    29 |    47 ||    88
       Confused          |       |     1 |    18 ||    19
       Distracted        |       |       |     2 ||     2
Armor: Robe              |    18 |    12 |    27 ||    57
Dodge: Dodged            |    82 |   100 |   235 ||   417
